 Dungeon Crawl Stone Soup version 0.21.1-1-g345015f (webtiles) character file.

368 Arya the Chopper (level 6, -6/49 HPs)
             Began as a Demonspawn Berserker on Mar 20, 2018.
             Was a Priest of Trog.
             Mangled by a gnoll
             ... wielding a +0 spear
              (8 damage)
             ... on level 4 of the Dungeon.
             The game lasted 00:05:50 (3249 turns).

Arya the Chopper (Demonspawn Berserker)             Turns: 3249, Time: 00:05:50

Health: -6/49      AC:  6    Str: 19    XL:     6   Next: 41%
Magic:  0/6        EV: 13    Int:  9    God:    Trog [***...]
Gold:   123        SH:  0    Dex: 12    Spells: 5/5 levels left

rFire    . . .     SeeInvis .   a - +1 hand axe
rCold    . . .     Gourm    .   (no shield)
rNeg     . . .     Faith    .   b - +0 animal skin
rPois    .         Spirit   +   (no helmet)
rElec    .         Reflect  .   (no cloak)
rCorr    .         Harm     .   (no gloves)
MR       .....                  (no boots)
Stlth    ++........             (no amulet)
HPRegen  0.16/turn              (no ring)
MPRegen  0.10/turn              (no ring)

@: no status effects
A: talons 1, iridescent scales 2, magic shield
a: Berserk, Trog's Hand, Burn Spellbooks, Renounce Religion


You were on level 4 of the Dungeon.
You worshipped Trog.
Trog was most pleased with you.
You were not hungry.

You visited 1 branch of the dungeon, and saw 4 of its levels.

You collected 123 gold pieces.

Inventory:

Hand Weapons
 a - a +1 hand axe (weapon)
Missiles
 g - 3 javelins
 h - 11 tomahawks (quivered)
Armour
 b - a +0 animal skin (worn)
Scrolls
 j - a scroll of immolation {unknown}
 k - a scroll of teleportation
 m - a scroll of identify
Potions
 d - a potion of berserk rage
 e - a potion of lignification
 f - a potion of flight
 i - 2 potions of curing
 l - 2 potions of cancellation
Comestibles
 c - 6 rations


   Skills:
 + Level 4.5 Fighting
 + Level 4.9 Axes
 + Level 2.0 Armour
 + Level 3.0 Dodging
 + Level 1.3 Stealth


You had 5 spell levels left.
You didn't know any spells.

Dungeon Overview and Level Annotations

Branches:
Dungeon (4/15)
 Temple: D:4-7

Altars:
Makhleb


Innate Abilities, Weirdness & Mutations

You have sharp toenails.
You are mostly covered in iridescent scales. (AC +4)
When hurt, damage is shared between your health and your magic reserves.


Message History

The gnoll hits you with a halberd!
* * * LOW HITPOINT WARNING * * *
The gnoll closely misses you.
You hit the gnoll but do no damage. You claw the gnoll.
The gnoll is severely wounded.
The gnoll closely misses you.
You hit the gnoll.
You kill the gnoll!
Trog accepts your kill. The gnoll barely misses you.
The gnoll completely misses you.
Things that are here:
a halberd; a gnoll corpse You barely miss the gnoll.
You claw the gnoll.
The gnoll is lightly wounded.
The gnoll misses you.
You barely miss the gnoll. You claw the gnoll.
The gnoll is moderately wounded.
The gnoll hits you with a spear!
You die...

### ..# #.# #.# #.#
#g# #@# #)# #.#####
#.....+
+####+#'#####
..........#
..........# #####
..........####...##
+####+......>.....#


You could see a gnoll.

Vanquished Creatures
  A hound (D:4)
  An orc priest (D:3)
  An orc wizard (D:3)
  A centaur skeleton (D:4)
  An iguana (D:4)
  2 worker ants
  A worker ant zombie (D:4)
  6 gnolls
  4 adders (D:3)
  An ooze (D:1)
  2 dart slugs (D:1)
  3 leopard geckos
  5 orcs (D:3)
  3 ball pythons
  4 giant cockroaches
  3 goblins
  9 hobgoblins
  5 kobolds
  A quokka (D:2)
  6 bats
  A frilled lizard (D:1)
  8 rats
69 creatures vanquished.

Notes
Turn   | Place    | Note
-------+----------+-------------------------------------------
     0 | D:1      | Arya the Demonspawn Berserker began the quest for the Orb.
     0 | D:1      | Reached XP level 1. HP: 18/18 MP: 1/1
   217 | D:1      | Gained mutation: You are partially covered in iridescent scales. (AC +2) [demonic ancestry]
   217 | D:1      | Reached XP level 2. HP: 21/24 MP: 2/2
   801 | D:2      | Reached ** piety under Trog
   801 | D:2      | Gained mutation: When hurt, damage is shared between your health and your magic reserves. [demonic ancestry]
   801 | D:2      | Reached XP level 3. HP: 30/30 MP: 3/3
  1406 | D:2      | Gained mutation: You have sharp toenails. [demonic ancestry]
  1406 | D:2      | Reached XP level 4. HP: 37/37 MP: 4/4
  1527 | D:2      | Found a burning altar of Makhleb.
  2166 | D:3      | Gained mutation: You are mostly covered in iridescent scales. (AC +4) [demonic ancestry]
  2166 | D:3      | Reached XP level 5. HP: 28/42 MP: 5/5
  2581 | D:3      | Reached *** piety under Trog
  2586 | D:3      | Reached skill level 1 in Stealth
  2919 | D:4      | Reached XP level 6. HP: 3/49 MP: 0/6
  2919 | D:4      | HP: 2/49 [poisoned by a worker ant]
  3244 | D:4      | HP: 1/49 [gnoll/halberd (6)]
  3249 | D:4      | Mangled by a gnoll

Skill      XL: |  1  2  3  4  5  6 |
---------------+-------------------+-----
Axes           | 3 4 |  4.9
Dodging        | 2 3 |  3.0
Armour         | 2 |  2.0
Fighting       | 4 |  4.5
Stealth        | 1 |  1.3

Action                   |  1- 3 |  4- 6 || total
-------------------------+-------+-------++-------
Melee: Hand axe          |    90 |   129 ||   219
       Kick              |       |    45 ||    45
Invok: Berserk           |     2 |     3 ||     5
  Use: Potion            |     2 |     2 ||     4
       Scroll            |     5 |     3 ||     8
 Stab: Sleeping          |       |     1 ||     1
  Eat: Chunk             |     3 |     7 ||    10
       Ration            |       |     1 ||     1
Armor: Animal skin       |    38 |    37 ||    75
Dodge: Dodged            |    76 |   112 ||   188
